AoeStats
← RiGhT

Lombardia

510101592Analyzed
4v4 RM · 3d ago on Sep 29, 2026· 45m 12s· 8 players
Game mode
Random Map
Map size
Large (8 player)
Population
200
Speed
Normal
Resources
Standard
Victory
Conquest
Starting age
Dark Age
Ending age
Imperial Age
RankedLock teamsTeams togetherTeam positionsShared explorationLock speedFull tech treeHidden civsTurbo modeCheats
Victory
Defeat
🇨🇳 Bengalis · China
1262
+14
🇨🇳 Mongols · China
1258
+14
🇹🇼 Goths · Taiwan
1215
+16
🇮🇳 Danes · India
1186
+17
🇹🇼 Burgundians · Taiwan
1283
-17
🇸🇪 Saracens · Sweden
1200
-15
🇫🇷 Franks · France
1200
-15
🇧🇷 Britons · Brazil
1185
-14
Liam
5:49 Loom
9:54 Feudal Age
10:06 Man-at-Arms
12:17 Scale Mail Armor
19:38 Castle Age
18:54 Stone Mining
19:19 Forging
19:15 Double-Bit Axe
19:27 Horse Collar
20:47 Bow Saw
23:37 Wheelbarrow
23:48 Squires
24:25 Heavy Plow
25:59 Town Watch
27:15 Anarchy
32:27 Imperial Age
30:47 Gold Mining
31:16 Pikeman
32:14 Chain Mail Armor
32:35 Iron Casting
34:29 Perfusion
34:28 Halberdier
34:47 Capped Ram
36:14 Iron Casting
36:39 Hand Cart
38:32 Blast Furnace
39:46 Elite Huskarl
仙逆许木
11:24 Feudal Age
12:30 Double-Bit Axe
15:01 Castle Age
12:52 Horse Collar
16:17 Bow Saw
21:28 Wheelbarrow
25:32 Hand Cart
25:25 Heavy Plow
25:58 Stone Mining
26:03 Gold Mining
26:47 Loom
30:30 Imperial Age
28:22 Scale Barding Armor
28:30 Forging
29:57 Fletching
30:42 Iron Casting
30:28 Chain Barding Armor
31:10 Elite Steppe Lancer
31:51 Husbandry
32:01 Bloodlines
32:55 Blast Furnace
31:36 Capped Ram
32:40 Drill
32:41 Conscription
32:31 Siege Ram
36:22 Conscription
36:35 Bodkin Arrow
37:02 Conscription
37:46 Bracer
RiGhT
9:28 Loom
11:14 Feudal Age
15:59 Castle Age
13:59 Horse Collar
14:17 Double-Bit Axe
16:30 Bloodlines
17:45 Scale Barding Armor
17:51 Forging
23:54 Bow Saw
24:58 Wheelbarrow
24:11 Town Watch
24:58 Heavy Plow
26:09 Hand Cart
28:29 Gold Mining
28:38 Stone Mining
29:53 Gold Shaft Mining
29:45 Scale Mail Armor
31:07 Forging
31:33 Chain Mail Armor
31:23 Squires
31:10 Arson
34:04 Imperial Age
32:04 Ballistics
31:55 Masonry
31:41 Murder Holes
33:11 Iron Casting
32:41 Fletching
32:56 Gambesons
33:33 Chain Barding Armor
35:15 Plate Mail Armor
34:09 Elite Varangian Guard
34:13 Hamask
35:14 Conscription
34:17 Onager
35:59 Blast Furnace
34:55 Bodkin Arrow
39:22 Stone Shaft Mining
39:42 Hoardings
39:12 Siege Onager
42:00 Northmen's Fury
43:18 Town Patrol
43:21 Bracer
43:46 Bracer
44:55 Elite Jomsviking
王炸炸
9:47 Loom
11:57 Feudal Age
16:23 Castle Age
14:32 Double-Bit Axe
14:43 Horse Collar
15:23 Gold Mining
16:01 Stone Mining
17:49 Bow Saw
23:28 Bow Saw
23:40 Heavy Plow
26:15 Wheelbarrow
30:28 Imperial Age
28:41 Gold Shaft Mining
28:16 Paiks
29:07 Bloodlines
28:58 Husbandry
28:43 Pikeman
29:24 Squires
29:10 Arson
29:17 Gambesons
29:59 Scale Barding Armor
30:05 Forging
29:56 Scale Mail Armor
31:17 Elite Battle Elephant
32:29 Conscription
33:35 Two-Man Saw
34:11 Chain Barding Armor
34:27 Iron Casting
34:09 Chain Mail Armor
36:01 Plate Barding Armor
37:50 Blast Furnace
37:06 Chain Mail Armor
38:35 Halberdier
41:48 Town Watch
IAMDAGG
10:03 Feudal Age
9:09 Double-Bit Axe
9:06 Horse Collar
10:56 Bow Saw
11:30 Heavy Plow
16:38 Gold Mining
19:43 Castle Age
18:30 Stone Mining
19:18 Gold Shaft Mining
18:36 Stone Mining
23:28 Two-Man Saw
26:51 Wheelbarrow
28:43 Hand Cart
32:00 Imperial Age
30:45 Burgundian Vineyards
31:16 Scale Barding Armor
31:22 Forging
31:39 Husbandry
31:00 Cavalier
31:34 Loom
31:34 Town Watch
32:18 Chain Barding Armor
32:41 Paladin
34:32 Plate Barding Armor
35:45 Conscription
35:43 Light Cavalry
36:27 Hussar
42:24 Iron Casting
Frodon le Hobbit
6:50 Loom
11:22 Feudal Age
19:18 Castle Age
23:34 Double-Bit Axe
28:13 Gold Mining
29:36 Bow Saw
33:58 Wheelbarrow
33:55 Gambesons
38:23 Imperial Age
35:40 Pikeman
36:33 Forging
37:16 Ballistics
36:59 Squires
38:23 Iron Casting
38:37 Scale Barding Armor
39:51 Scale Mail Armor
grain8720
11:57 Feudal Age
10:18 Loom
15:40 Castle Age
14:02 Double-Bit Axe
15:53 Horse Collar
17:03 Heavy Plow
17:14 Bow Saw
17:40 Wheelbarrow
17:50 Loom
25:38 Hand Cart
26:28 Fervor
30:37 Imperial Age
29:28 Fletching
31:29 Bodkin Arrow
31:55 Ballistics
32:36 Chemistry
31:28 Gold Mining
31:56 Padded Archer Armor
32:26 Bracer
33:56 Conscription
34:16 Leather Archer Armor
34:51 Elite Longbowman
43:00 Ring Archer Armor
42:26 Gambesons
scarabe
11:32 Feudal Age
9:48 Loom
12:12 Double-Bit Axe
17:49 Castle Age
18:55 Bow Saw
20:14 Forging
21:01 Horse Collar
25:04 Town Watch
27:26 Heavy Plow
29:01 Wheelbarrow
31:12 Imperial Age
31:50 Hand Cart
32:17 Iron Casting
31:33 Fletching
31:57 Bloodlines
31:49 Husbandry
32:11 Caravan
32:22 Heavy Camel Rider
34:32 Scale Barding Armor
35:28 Blast Furnace
39:03 Chain Barding Armor
43:53 Murder Holes
46:15 Plate Barding Armor
Connection lost

Rejoining the realm…

Still unreachable

The connection could not be restored.

Session expired

The server has moved on; the page needs a fresh start.